 Dungeon Crawl Stone Soup version 0.31-a0-981-geadf994542 (webtiles) character file.

Game seed: 5523633901566158558

1376 night the Shooter (level 8, -8/40 HPs)
             Began as a Spriggan Hexslinger on Nov 1, 2023.
             Was an Initiate of Yredelemnul.
             Mangled by a boulder beetle (18 damage)
             ... on level 6 of the Dungeon.
             The game lasted 00:16:01 (5306 turns).

night the Shooter (Spriggan Hexslinger)             Turns: 5306, Time: 00:16:01

Health: -8/40      AC:  3    Str:  4    XL:     8   Next: 39%
Magic:  8/16       EV: 22    Int: 16    God:    Yredelemnul [......]
Gold:   275        SH:  0    Dex: 24    Spells: 5/17 levels left

rFire   . . .        a - +1 sling
rCold   . . .        (no shield)
rNeg    . . .        c - +0 robe
rPois   .            D - +1 hat
rElec   .            (no cloak)
rCorr   +            (gloves unavailable)
SInv    +            (boots unavailable)
Will    +....        (no amulet)
Stlth   ++           g - ring of resist corrosion
HPRegen 0.26/turn    z - +6 ring of dexterity
MPRegen 0.15/turn

%: no passive effects
@: very quick
A: very small, no large weapons, unfitting armour, see invisible, speed 3
a: Renounce Religion, Recall Undead Harvest


You were on level 6 of the Dungeon.
You worshipped Yredelemnul.
Yredelemnul was noncommittal.
You visited 2 branches of the dungeon, and saw 7 of its levels.

You collected 275 gold pieces.

Inventory:

Hand Weapons
 a - a +1 sling (weapon)
Missiles
 d - 4 throwing nets
 e - 37 stones
 x - 5 poisoned darts
 F - 9 boomerangs
Armour
 c - a +0 robe (worn)
 D - a +1 hat (worn)
Jewellery
 g - a ring of resist corrosion (left hand)
 u - a ring of ice
 z - a +6 ring of dexterity (right hand)
 C - a ring of willpower
Talismans
 v - a serpent talisman
Wands
 o - a wand of quicksilver (9)
 q - a wand of polymorph (10)
 t - a wand of digging (7)
 A - a wand of flame (3)
 B - a wand of charming (5)
Scrolls
 b - 2 scrolls of poison
 i - 3 scrolls of teleportation
 j - 2 scrolls of enchant weapon
 k - a scroll of noise
 m - a scroll of fog
Potions
 f - 2 potions of magic {unknown}
 h - 4 potions of lignification {unknown}
 l - a potion of attraction {unknown}
 n - a potion of enlightenment {unknown}
 p - a potion of berserk rage {unknown}
 s - a potion of heal wounds {unknown}
 w - 4 potions of curing {unknown}
 E - a potion of mutation {unknown}


   Skills:
 + Level 3.4 Fighting
 * Level 6.3 Ranged Weapons
 + Level 6.0 Dodging
 + Level 5.0 Spellcasting
 + Level 6.1 Hexes
 - Level 0.7 Fire Magic


You had 5 spell levels left.
You knew the following spells:

 Your Spells              Type           Power      Damage    Failure   Level
a - Jinxbite              Hex            46%        N/A       1%          2
b - Sigil of Binding      Hex            23%        N/A       3%          3
c - Inner Flame           Hex/Fire       14%        N/A       11%         3
d - Cause Fear            Hex            11%        N/A       12%         4

Your spell library contained the following spells:

 Spells                   Type           Power      Damage    Failure   Level
 Dazzling Flash           Conj/Hex       26%        N/A       13%         3
 Apportation              Tloc           8%         N/A       16%         1
 Lesser Beckoning         Tloc           8%         N/A       22%         2
 Gell's Gravitas          Tloc           4%         N/A       41%         3
 Teleport Other           Tloc           4%         N/A       41%         3
 Dimensional Bullseye     Hex/Tloc       6%         N/A       41%         4
 Silence                  Hex/Air        6%         N/A       77%         5
 Agony                    Necr           4%         N/A       99%         5
 Alistair's Intoxication  Tmut/Pois      2%         N/A       99%         5
 Malign Gateway           Summ/Tloc      2%         N/A       100%        7
 Summon Horrible Things   Summ           2%         N/A       100%        8


Dungeon Overview and Level Annotations

Branches:
Dungeon (6/15)             Temple (1/1) D:4

Altars:
Cheibriados
Dithmenos
Elyvilon
Fedhas
Gozag
Hepliaklqana
Kikubaaqudgha
Makhleb
Nemelex Xobeh
Okawaru
Qazlal
Ru
Sif Muna
Trog
Uskayaw
Vehumet
Wu Jian
Xom
Yredelemnul
Zin
The Shining One


Innate Abilities, Weirdness & Mutations

You are very small and have problems with some larger weapons.
You are too small for most types of armour.
You have supernaturally acute eyesight. (SInv)
You cover ground extremely quickly. (Speed+++)


Message History

The boulder beetle stops rolling and uncurls.
Your hound zombie bites the boulder beetle but does no damage.
Casting: Cause Fear (quite dangerous; 12% risk of failure)
Confirm with . or Enter, or press ? or * to list all spells.
You inscribe a pair of binding sigils.
Your hound zombie bites the boulder beetle but does no damage.
The boulder beetle curls into a ball and begins rolling!
Your hound zombie barely misses the boulder beetle.
You are too injured to fight recklessly!
Fire: a) +1 sling
Press: ? - help, Q - select action, (/) - cycle Shift-Dir - straight line, f - boulder beetle
Aim: a boulder beetle (rolling, ally target, 91% to hit)
You shoot a sling bullet.
The sling bullet hits the boulder beetle.
The boulder beetle is lightly wounded.
The boulder beetle moves over your binding sigil and is bound in place!
Fire: a) +1 sling
Press: ? - help, Q - select action, (/) - cycle Shift-Dir - straight line, f/p - boulder beetle
Aim: a boulder beetle (lightly wounded, rolling, ally target, bound in place, 91% to hit)
You shoot a sling bullet.
The sling bullet hits the boulder beetle but does no damage.
The boulder beetle is lightly wounded.
Fire: a) +1 sling
Press: ? - help, Q - select action, (/) - cycle Shift-Dir - straight line, f/p - boulder beetle
Aim: a boulder beetle (sparse dust, lightly wounded, rolling, ally target, bound in place, 91% to hit)
You shoot a sling bullet.
The sling bullet hits the boulder beetle but does no damage.
The boulder beetle is lightly wounded.
Your hound zombie bites the boulder beetle but does no damage. x2
Casting: Sigil of Binding (dangerous; 3% risk of failure)
Confirm with . or Enter, or press ? or * to list all spells.
Casting: Cause Fear (quite dangerous; 12% risk of failure)
Press: ? - help, Dir - look around, f - activate The boulder beetle resists with almost no effort.
Your hound zombie bites the boulder beetle but does no damage.
The boulder beetle's lost momentum returns!
Your hound zombie bites the boulder beetle but does no damage.
The boulder beetle hits you!!
You die...
Your body rises from the dead as a mindless zombie.

#...... ..... #...$.. ....# #.
#......#....## #. .###.
#......#.....# ##.. ...# _.
##......#.. #)# ##..# #...###.
#.........# #)# #...####.#..# 8
#.........# #)###...........# #
#.........# #.##..#.........###
#...?...).###B@#..#............
#..........Z○..#..##...>.......
#.........####.^...............
#....(....# ###..##...........
#.........# #.................
#####.###.# #..####.##........
#. #.# #..# ....##....... #.
..# #####....#........ #. .##
...............


You could see a boulder beetle (rolling, swift, ally target) and a friendly
hound zombie.

Vanquished Creatures
  The ghost of Flippered the Slasher, an amateur BaRe (D:3)
  A water moccasin (D:6)
  2 ogres
  A phantom (D:2)
  2 bullfrogs
  2 scorpions
  3 hounds (D:6)
  A jelly (D:4)
  An orc priest (D:6)
  A sleepcap (D:4)
  Ijyb (D:3)
  2 iguanas (D:4)
  2 orc wizards (D:3)
  A hound zombie (D:6)
  7 adders
  A shadow imp (D:5)
  A white imp (D:5)
  5 worms
  4 dart slugs
  14 orcs
  5 endoplasms
  5 giant cockroaches
  3 goblins
  9 hobgoblins
  6 jackals
  6 kobolds
  A quokka (D:4)
  7 ball pythons
  2 bats
  4 frilled lizards
  An orc zombie (D:5)
  6 rats
108 creatures vanquished.

Vanquished Creatures (collateral kills)
  An ogre (D:5)
  2 orcs
  2 jackals (D:5)
5 creatures vanquished.

Vanquished Creatures (others)
  An orc (D:3)
  5 orc zombies
6 creatures vanquished.

Grand Total: 119 creatures vanquished

Notes
Turn   | Place    | Note
-------+----------+-------------------------------------------
     0 | D:1      | night the Spriggan Hexslinger began the quest for the Orb.
     0 | D:1      | Reached XP level 1. HP: 9/9 MP: 3/3
   205 | D:1      | Reached skill level 1 in Fighting
   210 | D:1      | Reached XP level 2. HP: 14/14 MP: 5/5
   632 | D:2      | Noticed a phantom
   666 | D:2      | Learned a level 2 spell: Jinxbite
   677 | D:2      | Killed a phantom
   678 | D:2      | Reached skill level 2 in Spellcasting
   678 | D:2      | Reached XP level 3. HP: 11/18 MP: 3/7
   678 | D:2      | Reached XP level 4. HP: 14/22 MP: 3/8
  1830 | D:3      | Reached XP level 5. HP: 26/26 MP: 9/9
  2120 | D:3      | Found a shimmering altar of Xom.
  2397 | D:3      | Learned a level 3 spell: Sigil of Binding
  2401 | D:3      | Learned a level 3 spell: Inner Flame
  2681 | D:3      | Reached skill level 2 in Fighting
  2702 | D:3      | Found a large runed translucent door.
  2703 | D:3      | Found a large runed translucent door.
  2707 | D:3      | Noticed Flippered's ghost (amateur BaRe)
  2727 | D:3      | Noticed Ijyb
  2791 | D:3      | Killed Flippered's ghost
  2791 | D:3      | Killed Ijyb
  2792 | D:3      | Reached XP level 6. HP: 32/32 MP: 6/12
  3176 | D:4      | Reached skill level 5 in Hexes
  3218 | D:4      | Reached XP level 7. HP: 34/35 MP: 10/13
  3360 | D:4      | Reached skill level 5 in Ranged Weapons
  3360 | D:4      | Reached skill level 5 in Dodging
  3453 | D:4      | Learned a level 4 spell: Cause Fear
  3640 | D:4      | Found a staircase to the Ecumenical Temple.
  3648 | Temple   | Entered the Ecumenical Temple
  3676 | Temple   | Became a worshipper of Yredelemnul the Dark
  4158 | D:5      | Entered Level 5 of the Dungeon
  4219 | D:5      | Reached * piety under Yredelemnul
  4726 | D:5      | Reached XP level 8. HP: 40/40 MP: 10/15
  4990 | D:6      | Noticed a boulder beetle
  5007 | D:6      | HP: 2/40 [boulder beetle (17)]
  5027 | D:6      | HP: 4/40 [boulder beetle (1)]
  5207 | D:6      | Found a glowing golden altar of the Shining One.
  5207 | D:6      | Found a blossoming altar of Fedhas.
  5291 | D:6      | Reached skill level 5 in Spellcasting
  5291 | D:6      | HP: 6/40 [poisoned by a water moccasin]
  5306 | D:6      | Mangled by a boulder beetle

Illustrated notes

Levels and vault maps discovered:
D:1:      lemuel_arrival_room, layout_basic
D:2:      minmay_general_purpose_star, layout_basic, nicolae_eternal_life,
          minmay_heptomino_l4
D:3:      layout_basic, amcnicky_altar_gilded, ebering_ghost_disaster_area,
          corner_web_ring, st_stairs_7, uniq_ijyb
D:4:      layout_cave_pods, minmay_temple_entry_statues
D:5:      layout_basic
D:6:      layout_rooms, nicolae_overflow_hidden_temple
Temple:   mainiacjoe_temple_bowtie_tessellation

Skill      XL: |  1  2  3  4  5  6  7  8 |
---------------+-------------------------+-----
Fighting       | 1 2 3 |  3.4
Dodging        | 3 4 5 6 |  6.0
Ranged Weapons | 3 4 5 6 |  6.3
Spellcasting   | 2 3 4 5 |  5.0
Hexes          | 4 5 6 |  6.1
Fire Magic     | |  0.7

Action                     |  1- 3 |  4- 6 |  7- 9 || total
---------------------------+-------+-------+-------++-------
   Fire: Sling             |    77 |   175 |   156 ||   408
   Cast: Jinxbite          |     1 |     9 |     2 ||    12
         Inner Flame       |       |     1 |     4 ||     5
         Sigil of Binding  |       |     1 |     4 ||     5
         Cause Fear        |       |       |     2 ||     2
 Invoke: Recall Undead Har |       |       |     2 ||     2
Ability: Begin Untransform |       |     1 |       ||     1
    Use: Scroll            |       |     3 |     5 ||     8
 Armour: Robe              |    12 |    12 |    21 ||    45
  Dodge: Dodged            |    29 |    40 |    55 ||   124
   Form: Anaconda          |       |     1 |       ||     1

Table legend: (Time is in decaauts)
 A = Elapsed time spent in this place.
 B = Non-inter-level travel time spent in this place.
 C = Inter-level travel time spent in this place.
 D = Time resting spent in this place.
 E = Time spent auto-exploring this place.
 F = Levels seen in this place.
 G = Mean time per level.
                   A        B        C        D        E       F      G
               +--------+--------+--------+--------+--------+-----+--------+
         Total |   3803 |   3657 |    146 |    356 |   2352 |   7 |  543.3 |
       Dungeon |   3768 |   3655 |    113 |    356 |   2352 |   6 |  628.0 |
        Temple |     34 |      2 |     32 |      0 |      0 |   1 |   34.0 |
               +--------+--------+--------+--------+--------+-----+--------+

Top non-repeatable levels by time:
     D:3: 897 daAuts
     D:2: 885 daAuts
     D:4: 667 daAuts
     D:5: 574 daAuts
     D:1: 419 daAuts
     D:6: 324 daAuts
  Temple: 34 daAuts
